[ AOE2 MATCH · #480437377 ]
Team RMHuns vs Cumans
[ REPLAY ANALYSIS · EXTRACTED FROM THE RECORDED GAME ]
Feudal
13:03
Castle
20:31
Imperial
30:25
| APM avg | 15.7 |
| APM peak | 65 |
| eAPM avg | 8.4 |
| Villagers / military | 93 / 40 |
Focus
⚔️ 20.3% · 🌾 79.7%
Tarkan ×38 · Knight ×2
Feudal
8:48
Castle
13:56
Imperial
29:33
| APM avg | 36.4 |
| APM peak | 71 |
| eAPM avg | 17.9 |
| Villagers / military | 117 / 117 |
Focus
⚔️ 27.3% · 🌾 72.7%
Militia ×58 · Spearman ×50 · Battering Ram ×9
Feudal
10:32
Castle
18:47
Imperial
—
| APM avg | 10.9 |
| APM peak | 28 |
| eAPM avg | 7.6 |
| Villagers / military | 81 / 43 |
Focus
⚔️ 24.5% · 🌾 75.5%
Skirmisher ×20 · Shotel Warrior ×17 · Battering Ram ×5 · Mangonel ×1
Feudal
10:28
Castle
14:08
Imperial
31:45
| APM avg | 35.0 |
| APM peak | 84 |
| eAPM avg | 19.1 |
| Villagers / military | 121 / 66 |
Focus
⚔️ 34.5% · 🌾 65.5%
Longbowman ×62 · Mangonel ×2 · Battering Ram ×1 · Monk ×1
Feudal
10:04
Castle
14:01
Imperial
28:23
| APM avg | 27.8 |
| APM peak | 66 |
| eAPM avg | 14.9 |
| Villagers / military | 149 / 44 |
Focus
⚔️ 11.0% · 🌾 89.0%
War Elephant ×41 · Monk ×3
Feudal
10:47
Castle
14:33
Imperial
22:47
| APM avg | 28.7 |
| APM peak | 82 |
| eAPM avg | 13.1 |
| Villagers / military | 82 / 29 |
Focus
⚔️ 29.6% · 🌾 70.4%
Hand Cannoneer ×22 · Bombard Cannon ×6 · Monk ×1
Feudal
13:06
Castle
18:12
Imperial
32:34
| APM avg | 20.8 |
| APM peak | 66 |
| eAPM avg | 13.6 |
| Villagers / military | 125 / 6 |
Focus
⚔️ 4.4% · 🌾 95.6%
Militia ×6
Feudal
11:12
Castle
15:01
Imperial
31:46
| APM avg | 30.9 |
| APM peak | 102 |
| eAPM avg | 15.6 |
| Villagers / military | 93 / 20 |
Focus
⚔️ 12.7% · 🌾 87.3%
Kipchak ×20
Match map
Resources at game start + every placement click. Thick line = wall · dashed box = detected house wall. 🟡 gold · ⚪ stone · 🟢 berries · 🔶 boar · ⭕ relic
Inputs per minute
— 602406569 - - zzx
Build order — 602406569
First 150 of 213 actions detected
| 0:04 | Research | Loom |
| 0:05 | Create | Villager (Male) |
| 0:05 | Create | Villager (Male) |
| 0:05 | Create | Villager (Male) |
| 0:06 | Create | Villager (Male) |
| 0:06 | Create | Villager (Male) |
| 2:26 | Create | Villager (Male) |
| 2:26 | Create | Villager (Male) |
| 2:27 | Create | Villager (Male) |
| 3:02 | Create | Villager (Male) |
| 3:47 | Create | Villager (Male) |
| 3:48 | Create | Villager (Male) |
| 3:49 | Create | Villager (Male) |
| 4:20 | Build | Mining Camp |
| 4:55 | Create | Villager (Male) |
| 4:55 | Create | Villager (Male) |
| 4:55 | Create | Villager (Male) |
| 5:13 | Create | Villager (Male) |
| 5:13 | Create | Villager (Male) |
| 5:13 | Create | Villager (Male) |
| 5:26 | Build | Mining Camp |
| 5:29 | Create | Villager (Male) |
| 5:29 | Create | Villager (Male) |
| 6:14 | Create | Villager (Male) |
| 6:14 | Create | Villager (Male) |
| 6:14 | Create | Villager (Male) |
| 6:32 | Build | Mill |
| 6:36 | Create | Villager (Male) |
| 6:36 | Create | Villager (Male) |
| 6:36 | Create | Villager (Male) |
| 6:56 | Create | Villager (Male) |
| 6:56 | Create | Villager (Male) |
| 6:56 | Create | Villager (Male) |
| 6:57 | Create | Villager (Male) |
| 7:21 | Create | Villager (Male) |
| 7:21 | Create | Villager (Male) |
| 7:21 | Create | Villager (Male) |
| 8:04 | Create | Villager (Male) |
| 8:07 | Create | Villager (Male) |
| 8:21 | Build | Lumber Camp |
| 9:33 | Create | Villager (Male) |
| 10:51 | Research | Feudal Age |
| 11:18 | Create | Villager (Male) |
| 11:19 | Create | Villager (Male) |
| 12:19 | Create | Villager (Male) |
| 12:19 | Create | Villager (Male) |
| 13:03 | Age | Feudal Age |
| 13:07 | Research | Horse Collar |
| 13:11 | Research | Double-Bit Axe |
| 13:15 | Create | Villager (Male) |
| 13:15 | Create | Villager (Male) |
| 13:15 | Create | Villager (Male) |
| 13:15 | Create | Villager (Male) |
| 13:27 | Build | Farm |
| 13:29 | Build | Farm |
| 13:31 | Build | Farm |
| 13:33 | Build | Farm |
| 13:34 | Build | Farm |
| 13:36 | Build | Farm |
| 13:38 | Build | Farm |
| 13:40 | Build | Farm |
| 13:52 | Build | Barracks |
| 14:13 | Create | Villager (Male) |
| 14:13 | Create | Villager (Male) |
| 14:44 | Build | Blacksmith |
| 15:01 | Build | Market |
| 15:17 | Create | Villager (Male) |
| 15:29 | Build | Stable |
| 16:38 | Build | Stable |
| 17:41 | Build | Farm |
| 17:42 | Build | Farm |
| 17:43 | Build | Farm |
| 17:45 | Build | Farm |
| 17:47 | Build | Farm |
| 17:51 | Research | Castle Age |
| 18:06 | Build | Farm |
| 18:15 | Build | Farm |
| 18:18 | Create | Villager (Male) |
| 18:19 | Create | Villager (Male) |
| 18:41 | Research | Stone Mining |
| 18:41 | Research | Stone Mining |
| 19:17 | Research | Bloodlines |
| 19:33 | Research | Gold Mining |
| 20:31 | Age | Castle Age |
| 20:37 | Build | Castle |
| 20:41 | Create | Villager (Male) |
| 20:42 | Create | Villager (Male) |
| 20:42 | Create | Villager (Male) |
| 20:42 | Create | Villager (Male) |
| 20:55 | Research | Heavy Plow |
| 21:19 | Build | Town Center |
| 21:26 | Create | Villager (Male) |
| 21:26 | Create | Villager (Male) |
| 21:27 | Create | Villager (Male) |
| 21:44 | Create | Knight |
| 21:45 | Create | Knight |
| 22:02 | Create | Villager (Male) |
| 22:03 | Create | Villager (Male) |
| 22:18 | Build | Town Center |
| 22:23 | Create | Villager (Male) |
| 22:23 | Create | Villager (Male) |
| 22:23 | Create | Villager (Male) |
| 22:38 | Build | Farm |
| 22:39 | Build | Farm |
| 22:42 | Build | Farm |
| 22:44 | Build | Farm |
| 22:47 | Build | Farm |
| 22:49 | Build | Farm |
| 22:54 | Build | Farm |
| 22:58 | Create | Villager (Male) |
| 23:04 | Research | Husbandry |
| 23:25 | Create | Villager (Male) |
| 23:26 | Create | Villager (Male) |
| 23:26 | Create | Villager (Male) |
| 23:26 | Create | Villager (Male) |
| 23:27 | Create | Villager (Male) |
| 23:44 | Build | Farm |
| 23:46 | Build | Farm |
| 23:47 | Build | Farm |
| 23:49 | Build | Farm |
| 23:51 | Build | Farm |
| 23:53 | Build | Farm |
| 23:54 | Build | Farm |
| 24:02 | Create | Villager (Male) |
| 24:03 | Create | Villager (Male) |
| 24:03 | Create | Villager (Male) |
| 25:13 | Create | Villager (Male) |
| 25:13 | Create | Villager (Male) |
| 25:14 | Create | Villager (Male) |
| 25:14 | Create | Villager (Male) |
| 25:14 | Create | Villager (Male) |
| 25:26 | Research | Gold Shaft Mining |
| 25:39 | Build | Stable |
| 26:08 | Create | Villager (Male) |
| 26:09 | Create | Villager (Male) |
| 26:09 | Create | Villager (Male) |
| 26:09 | Create | Villager (Male) |
| 26:34 | Build | Farm |
| 26:48 | Build | Stable |
| 27:15 | Research | Imperial Age |
| 27:30 | Build | Mill |
| 27:33 | Create | Villager (Male) |
| 27:34 | Create | Villager (Male) |
| 27:34 | Create | Villager (Male) |
| 27:34 | Create | Villager (Male) |
| 27:34 | Create | Villager (Male) |
| 28:09 | Build | Mining Camp |
| 28:19 | Build | Farm |
| 28:20 | Build | Farm |
| 28:22 | Build | Farm |
Build order — zzx
First 150 of 297 actions detected
| 0:05 | Create | Villager (Male) |
| 0:05 | Create | Villager (Male) |
| 0:06 | Build | House |
| 0:08 | Build | House |
| 0:10 | Create | Villager (Male) |
| 0:11 | Create | Villager (Male) |
| 0:11 | Create | Villager (Male) |
| 1:45 | Create | Villager (Male) |
| 2:19 | Create | Villager (Male) |
| 2:19 | Create | Villager (Male) |
| 2:29 | Build | Lumber Camp |
| 3:02 | Create | Villager (Male) |
| 3:12 | Create | Villager (Male) |
| 3:27 | Create | Villager (Male) |
| 3:28 | Create | Villager (Male) |
| 3:36 | Build | House |
| 4:29 | Build | Mill |
| 4:54 | Create | Villager (Male) |
| 4:54 | Create | Villager (Male) |
| 5:18 | Create | Villager (Male) |
| 6:01 | Create | Villager (Male) |
| 6:38 | Research | Feudal Age |
| 6:39 | Research | Feudal Age |
| 7:32 | Create | Villager (Male) |
| 7:47 | Create | Villager (Male) |
| 7:55 | Build | House |
| 8:00 | Create | Villager (Male) |
| 8:33 | Create | Villager (Male) |
| 8:48 | Age | Feudal Age |
| 8:56 | Build | Market |
| 9:03 | Build | Blacksmith |
| 9:04 | Create | Villager (Male) |
| 10:29 | Create | Villager (Male) |
| 11:16 | Research | Castle Age |
| 11:44 | Build | House |
| 11:46 | Build | House |
| 11:50 | Research | Double-Bit Axe |
| 12:44 | Research | Horse Collar |
| 13:56 | Age | Castle Age |
| 13:57 | Build | Farm |
| 13:59 | Build | Farm |
| 14:00 | Build | Farm |
| 14:01 | Build | Farm |
| 14:16 | Build | Town Center |
| 14:18 | Create | Villager (Male) |
| 14:31 | Build | Town Center |
| 14:36 | Create | Villager (Male) |
| 14:40 | Research | Bow Saw |
| 14:48 | Build | Farm |
| 14:49 | Create | Villager (Male) |
| 15:03 | Build | Farm |
| 15:33 | Build | Farm |
| 15:35 | Create | Villager (Male) |
| 15:38 | Create | Villager (Male) |
| 15:59 | Create | Villager (Male) |
| 16:18 | Build | Farm |
| 16:25 | Create | Villager (Male) |
| 16:25 | Create | Villager (Male) |
| 16:28 | Build | Farm |
| 16:29 | Build | Farm |
| 16:30 | Build | Farm |
| 16:32 | Build | Farm |
| 16:42 | Create | Villager (Male) |
| 16:45 | Build | Farm |
| 16:49 | Build | Farm |
| 16:50 | Build | Farm |
| 16:52 | Build | Farm |
| 16:53 | Build | Farm |
| 16:55 | Create | Villager (Male) |
| 17:08 | Build | Farm |
| 17:09 | Build | Farm |
| 17:17 | Create | Villager (Male) |
| 17:29 | Create | Villager (Male) |
| 17:34 | Build | Farm |
| 17:38 | Build | Farm |
| 17:39 | Build | Farm |
| 17:42 | Create | Villager (Male) |
| 18:02 | Create | Villager (Male) |
| 18:02 | Create | Villager (Male) |
| 18:03 | Create | Villager (Male) |
| 18:11 | Build | Farm |
| 18:11 | Create | Villager (Male) |
| 18:12 | Create | Villager (Male) |
| 18:29 | Create | Villager (Male) |
| 18:32 | Create | Villager (Male) |
| 18:32 | Create | Villager (Male) |
| 18:46 | Create | Villager (Male) |
| 18:46 | Create | Villager (Male) |
| 18:53 | Build | Town Center |
| 18:56 | Create | Villager (Male) |
| 18:56 | Create | Villager (Male) |
| 18:57 | Create | Villager (Male) |
| 19:00 | Create | Villager (Male) |
| 19:04 | Build | Farm |
| 19:05 | Build | Farm |
| 19:07 | Create | Villager (Male) |
| 19:19 | Create | Villager (Male) |
| 19:25 | Build | House |
| 19:34 | Research | Wheelbarrow |
| 19:36 | Create | Villager (Male) |
| 19:38 | Create | Villager (Male) |
| 19:50 | Build | Mining Camp |
| 19:51 | Create | Villager (Male) |
| 19:54 | Build | House |
| 19:55 | Build | House |
| 19:58 | Build | House |
| 19:59 | Build | House |
| 20:01 | Build | House |
| 20:07 | Create | Villager (Male) |
| 20:14 | Research | Heavy Plow |
| 20:26 | Create | Villager (Male) |
| 20:27 | Create | Villager (Male) |
| 20:35 | Build | Farm |
| 20:37 | Build | Farm |
| 20:39 | Build | Farm |
| 20:40 | Build | Farm |
| 20:47 | Create | Villager (Male) |
| 20:58 | Research | Gold Mining |
| 20:59 | Create | Villager (Male) |
| 21:18 | Create | Villager (Male) |
| 21:28 | Create | Villager (Male) |
| 21:30 | Create | Villager (Male) |
| 21:30 | Create | Villager (Male) |
| 21:31 | Create | Villager (Male) |
| 21:37 | Create | Villager (Male) |
| 21:44 | Build | Town Center |
| 21:47 | Create | Villager (Male) |
| 21:48 | Research | Loom |
| 21:48 | Create | Villager (Male) |
| 21:49 | Create | Villager (Male) |
| 22:00 | Create | Villager (Male) |
| 22:00 | Create | Villager (Male) |
| 22:13 | Build | Barracks |
| 22:14 | Create | Villager (Male) |
| 22:14 | Create | Villager (Male) |
| 22:17 | Create | Villager (Male) |
| 22:26 | Build | Farm |
| 22:27 | Build | Farm |
| 22:28 | Build | Farm |
| 22:30 | Create | Villager (Male) |
| 22:32 | Research | Gold Shaft Mining |
| 22:37 | Build | House |
| 22:39 | Build | House |
| 22:40 | Build | House |
| 22:41 | Build | House |
| 22:42 | Build | House |
| 22:44 | Build | House |
| 22:47 | Create | Villager (Male) |
| 22:48 | Create | Villager (Male) |
| 22:48 | Create | Villager (Male) |
Build order — Toast
First 150 of 175 actions detected
| 0:02 | Create | Villager (Male) ×4 |
| 0:04 | Build | House |
| 0:06 | Build | House |
| 1:26 | Create | Villager (Male) |
| 2:02 | Create | Villager (Male) |
| 2:26 | Create | Villager (Male) |
| 2:56 | Create | Villager (Male) |
| 3:09 | Build | Mill |
| 3:12 | Create | Villager (Male) |
| 3:27 | Build | House |
| 3:44 | Create | Villager (Male) |
| 3:51 | Build | House |
| 4:04 | Create | Villager (Male) |
| 4:33 | Create | Villager (Male) |
| 4:56 | Create | Villager (Male) ×2 |
| 5:07 | Build | Lumber Camp |
| 5:36 | Build | House |
| 5:44 | Create | Villager (Male) |
| 5:58 | Create | Villager (Male) |
| 5:59 | Create | Villager (Male) |
| 6:00 | Research | Loom |
| 6:13 | Build | House |
| 6:35 | Build | Mining Camp |
| 6:45 | Build | House |
| 7:26 | Create | Villager (Male) |
| 7:26 | Create | Villager (Male) |
| 7:33 | Build | House |
| 8:21 | Research | Feudal Age |
| 8:43 | Build | Barracks |
| 9:27 | Build | House |
| 9:28 | Build | House |
| 9:29 | Build | House |
| 10:15 | Create | Villager (Male) |
| 10:15 | Create | Villager (Male) |
| 10:18 | Create | Villager (Male) |
| 10:32 | Age | Feudal Age |
| 10:44 | Build | Archery Range |
| 10:56 | Research | Double-Bit Axe |
| 11:26 | Create | Villager (Male) ×5 |
| 11:36 | Build | Mill |
| 13:13 | Build | Mining Camp |
| 13:23 | Research | Wheelbarrow |
| 13:39 | Build | Blacksmith |
| 14:40 | Build | Market |
| 15:12 | Create | Villager (Male) |
| 15:13 | Create | Villager (Male) |
| 15:23 | Build | Farm |
| 15:23 | Build | Farm |
| 15:23 | Build | Farm |
| 15:24 | Build | Farm |
| 15:48 | Build | Farm |
| 15:49 | Build | Farm |
| 15:50 | Build | Farm |
| 15:51 | Build | Farm |
| 16:07 | Research | Castle Age |
| 16:12 | Build | Farm |
| 16:12 | Build | Farm |
| 16:12 | Build | Farm |
| 16:13 | Build | Farm |
| 16:29 | Research | Horse Collar |
| 16:40 | Create | Skirmisher |
| 16:40 | Create | Skirmisher |
| 16:48 | Research | Fletching |
| 17:04 | Create | Skirmisher |
| 17:27 | Build | Farm |
| 17:28 | Build | Farm |
| 17:28 | Build | Farm |
| 17:40 | Create | Skirmisher |
| 17:48 | Research | Padded Archer Armor |
| 18:17 | Build | Farm |
| 18:47 | Age | Castle Age |
| 19:08 | Create | Villager (Male) |
| 19:08 | Create | Villager (Male) |
| 19:08 | Create | Villager (Male) |
| 19:17 | Build | Town Center |
| 19:32 | Research | Bodkin Arrow |
| 19:57 | Create | Skirmisher |
| 20:31 | Create | Villager (Male) ×5 |
| 20:35 | Research | Leather Archer Armor |
| 20:52 | Create | Villager (Male) ×5 |
| 21:25 | Build | Castle |
| 21:58 | Build | Siege Workshop |
| 22:06 | Create | Villager (Male) ×5 |
| 22:23 | Build | University |
| 22:44 | Build | Farm |
| 22:44 | Build | Farm |
| 22:53 | Build | Farm |
| 22:54 | Build | Farm |
| 22:54 | Build | Farm |
| 23:13 | Create | Mangonel |
| 23:24 | Research | Bow Saw |
| 23:26 | Create | Villager (Male) ×5 |
| 24:05 | Build | Stable |
| 24:10 | Research | Forging |
| 24:25 | Create | Battering Ram |
| 24:26 | Create | Battering Ram |
| 24:30 | Create | Shotel Warrior |
| 24:30 | Create | Shotel Warrior |
| 24:30 | Create | Shotel Warrior |
| 24:34 | Research | Scale Mail Armor |
| 24:44 | Create | Villager (Male) ×5 |
| 25:08 | Create | Battering Ram |
| 25:11 | Create | Shotel Warrior |
| 25:11 | Create | Shotel Warrior |
| 25:11 | Create | Shotel Warrior |
| 25:12 | Create | Shotel Warrior |
| 25:14 | Create | Villager (Male) ×5 |
| 25:30 | Build | House |
| 25:31 | Build | House |
| 25:32 | Build | House |
| 25:41 | Research | Town Watch |
| 25:48 | Research | Fortified Wall (upgrade) |
| 26:25 | Create | Villager (Male) ×5 |
| 26:26 | Create | Shotel Warrior |
| 26:27 | Create | Shotel Warrior |
| 26:27 | Create | Shotel Warrior |
| 26:43 | Build | House |
| 26:44 | Build | House |
| 27:07 | Research | Arson |
| 27:09 | Research | Chain Mail Armor |
| 27:11 | Create | Villager (Male) ×5 |
| 27:26 | Build | Mill |
| 27:27 | Build | Farm |
| 27:27 | Build | Farm |
| 27:27 | Build | Farm |
| 27:27 | Build | Farm |
| 27:28 | Build | Farm |
| 27:41 | Create | Shotel Warrior |
| 27:42 | Create | Shotel Warrior |
| 27:42 | Create | Shotel Warrior |
| 28:06 | Research | Gold Mining |
| 28:08 | Create | Villager (Male) ×4 |
| 28:24 | Build | Mill |
| 28:25 | Build | Farm |
| 28:26 | Build | Farm |
| 28:26 | Build | Farm |
| 28:26 | Build | Farm |
| 28:26 | Build | Farm |
| 28:40 | Build | House |
| 28:41 | Build | House |
| 28:51 | Build | Archery Range |
| 29:06 | Create | Battering Ram |
| 29:06 | Create | Battering Ram |
| 29:20 | Create | Shotel Warrior |
| 29:21 | Create | Shotel Warrior |
| 29:21 | Create | Shotel Warrior |
| 29:21 | Create | Shotel Warrior |
| 29:26 | Create | Skirmisher ×5 |
| 29:26 | Create | Skirmisher ×5 |
| 29:26 | Create | Skirmisher ×5 |
Build order — 优雅猫
First 150 of 295 actions detected
| 0:00 | Create | Villager (Male) |
| 0:01 | Create | Villager (Male) |
| 0:03 | Build | House |
| 0:12 | Create | Villager (Male) |
| 0:12 | Create | Villager (Male) |
| 0:12 | Create | Villager (Male) |
| 0:12 | Create | Villager (Male) |
| 0:25 | Build | House |
| 0:41 | Build | House |
| 0:42 | Build | House |
| 1:22 | Create | Villager (Male) |
| 1:46 | Create | Villager (Male) |
| 1:46 | Create | Villager (Male) |
| 2:02 | Create | Villager (Male) |
| 2:27 | Create | Villager (Male) |
| 2:58 | Create | Villager (Male) |
| 2:59 | Create | Villager (Male) |
| 3:07 | Build | Lumber Camp |
| 3:25 | Create | Villager (Male) |
| 3:37 | Create | Villager (Male) |
| 3:56 | Create | Villager (Male) |
| 3:56 | Create | Villager (Male) |
| 4:51 | Create | Villager (Male) |
| 5:17 | Create | Villager (Male) |
| 5:18 | Create | Villager (Male) |
| 5:41 | Build | Mill |
| 5:57 | Create | Villager (Male) |
| 5:57 | Create | Villager (Male) |
| 7:03 | Create | Villager (Male) |
| 7:03 | Create | Villager (Male) |
| 8:18 | Research | Feudal Age |
| 8:55 | Build | Mining Camp |
| 10:28 | Age | Feudal Age |
| 10:29 | Create | Villager (Male) |
| 10:29 | Create | Villager (Male) |
| 10:32 | Build | Market |
| 10:39 | Build | Blacksmith |
| 11:22 | Build | House |
| 11:28 | Research | Castle Age |
| 11:34 | Research | Double-Bit Axe |
| 12:05 | Build | House |
| 12:06 | Build | House |
| 12:17 | Build | Farm |
| 12:21 | Research | Horse Collar |
| 12:21 | Research | Horse Collar |
| 12:21 | Research | Horse Collar |
| 12:34 | Build | Farm |
| 13:01 | Build | House |
| 13:03 | Build | House |
| 13:44 | Create | Villager (Male) |
| 13:45 | Create | Villager (Male) |
| 14:08 | Age | Castle Age |
| 14:22 | Build | Siege Workshop |
| 14:36 | Build | Town Center |
| 14:50 | Build | Farm |
| 14:51 | Build | Farm |
| 14:54 | Build | Farm |
| 14:55 | Build | Farm |
| 14:57 | Create | Villager (Male) |
| 15:09 | Build | Town Center |
| 15:16 | Build | Town Center |
| 15:20 | Build | Farm |
| 15:23 | Create | Villager (Male) |
| 15:23 | Create | Villager (Male) |
| 15:33 | Create | Villager (Male) |
| 15:54 | Create | Villager (Male) |
| 16:01 | Build | Farm |
| 16:09 | Create | Villager (Male) |
| 16:12 | Build | Farm |
| 16:16 | Build | Farm |
| 16:18 | Build | Farm |
| 16:22 | Create | Villager (Male) |
| 16:23 | Create | Villager (Male) |
| 16:23 | Create | Villager (Male) |
| 16:33 | Build | Farm |
| 16:39 | Create | Villager (Male) |
| 16:39 | Create | Villager (Male) |
| 16:39 | Create | Villager (Male) |
| 16:45 | Build | Farm |
| 16:58 | Create | Villager (Male) |
| 17:03 | Build | Farm |
| 17:07 | Create | Villager (Male) |
| 17:21 | Create | Villager (Male) |
| 17:34 | Build | Farm |
| 17:39 | Build | Farm |
| 17:42 | Create | Villager (Male) |
| 17:42 | Create | Villager (Male) |
| 17:51 | Create | Villager (Male) |
| 17:52 | Create | Villager (Male) |
| 18:14 | Create | Villager (Male) |
| 18:14 | Create | Villager (Male) |
| 18:14 | Create | Villager (Male) |
| 18:26 | Create | Battering Ram |
| 18:26 | Create | Villager (Male) |
| 18:44 | Create | Mangonel |
| 18:45 | Create | Villager (Male) |
| 18:45 | Create | Villager (Male) |
| 18:45 | Create | Villager (Male) |
| 18:53 | Create | Villager (Male) |
| 18:53 | Create | Villager (Male) |
| 18:56 | Build | Mining Camp |
| 18:58 | Create | Villager (Male) |
| 18:58 | Create | Villager (Male) |
| 18:58 | Create | Villager (Male) |
| 19:15 | Create | Villager (Male) |
| 19:15 | Create | Villager (Male) |
| 19:15 | Create | Villager (Male) |
| 19:15 | Create | Villager (Male) |
| 19:25 | Create | Villager (Male) |
| 19:35 | Build | Mining Camp |
| 19:38 | Create | Villager (Male) |
| 19:38 | Create | Villager (Male) |
| 19:39 | Create | Villager (Male) |
| 19:39 | Create | Villager (Male) |
| 19:47 | Build | Monastery |
| 19:52 | Create | Villager (Male) |
| 19:52 | Create | Villager (Male) |
| 20:01 | Build | Farm |
| 20:02 | Create | Villager (Male) |
| 20:03 | Create | Villager (Male) |
| 20:11 | Create | Villager (Male) |
| 20:12 | Create | Villager (Male) |
| 20:30 | Build | University |
| 20:32 | Build | House |
| 20:32 | Build | House |
| 20:32 | Build | House |
| 20:32 | Build | House |
| 20:41 | Create | Villager (Male) |
| 20:41 | Create | Villager (Male) |
| 20:42 | Create | Villager (Male) |
| 21:03 | Build | Castle |
| 21:06 | Create | Villager (Male) |
| 21:07 | Create | Villager (Male) |
| 21:21 | Build | Farm |
| 21:30 | Create | Mangonel |
| 21:35 | Build | Stone Wall |
| 21:41 | Build | Building 490 |
| 21:43 | Build | Stone Wall |
| 21:48 | Build | Stone Wall |
| 21:53 | Research | Wheelbarrow |
| 21:54 | Research | Loom |
| 21:54 | Research | Town Watch |
| 21:58 | Research | Treadmill Crane |
| 21:59 | Research | Ballistics |
| 22:00 | Create | Villager (Male) |
| 22:00 | Create | Villager (Male) |
| 22:07 | Create | Villager (Male) |
| 22:07 | Create | Villager (Male) |
| 22:07 | Create | Villager (Male) |
| 22:11 | Build | House |
Build order — Don Wea
First 150 of 289 actions detected
| 0:01 | Create | Villager (Male) ×5 |
| 0:03 | Build | House |
| 0:04 | Build | House |
| 1:23 | Create | Villager (Male) |
| 1:47 | Create | Villager (Male) |
| 2:31 | Create | Villager (Male) |
| 2:52 | Create | Villager (Male) |
| 2:58 | Create | Villager (Male) |
| 3:19 | Build | House |
| 3:20 | Build | House |
| 3:40 | Create | Villager (Male) |
| 4:06 | Create | Villager (Male) |
| 4:18 | Build | House |
| 4:50 | Create | Villager (Male) |
| 4:50 | Create | Villager (Male) |
| 4:50 | Create | Villager (Male) |
| 4:54 | Build | Mill |
| 4:55 | Create | Villager (Male) |
| 5:51 | Create | Villager (Male) |
| 5:55 | Create | Villager (Male) |
| 6:15 | Create | Villager (Male) |
| 6:22 | Build | Lumber Camp |
| 6:23 | Create | Villager (Male) |
| 7:28 | Build | Mining Camp |
| 7:30 | Create | Villager (Male) |
| 8:00 | Research | Feudal Age |
| 9:35 | Create | Villager (Male) |
| 9:35 | Create | Villager (Male) |
| 9:35 | Create | Villager (Male) |
| 9:36 | Research | Loom |
| 10:04 | Age | Feudal Age |
| 10:06 | Build | Market |
| 10:08 | Build | Blacksmith |
| 10:29 | Build | Farm |
| 11:05 | Build | Farm |
| 11:25 | Research | Castle Age |
| 11:32 | Build | Farm |
| 11:44 | Research | Double-Bit Axe |
| 12:34 | Create | Villager (Male) |
| 12:34 | Create | Villager (Male) |
| 12:38 | Build | House |
| 14:01 | Age | Castle Age |
| 14:04 | Build | Town Center |
| 14:14 | Build | Monastery |
| 14:32 | Create | Villager (Male) |
| 14:48 | Build | Town Center |
| 14:58 | Create | Villager (Male) |
| 14:59 | Create | Villager (Male) |
| 15:03 | Create | Monk |
| 15:14 | Build | Farm |
| 15:15 | Create | Villager (Male) |
| 15:15 | Create | Villager (Male) |
| 15:23 | Build | Farm |
| 15:29 | Create | Villager (Male) |
| 15:33 | Build | Farm |
| 15:37 | Create | Villager (Male) |
| 15:45 | Build | Farm |
| 15:50 | Create | Villager (Male) |
| 15:54 | Build | Farm |
| 16:01 | Create | Villager (Male) |
| 16:01 | Create | Villager (Male) |
| 16:06 | Build | Farm |
| 16:16 | Build | Farm |
| 16:21 | Create | Villager (Male) |
| 16:22 | Create | Villager (Male) |
| 16:25 | Create | Villager (Male) |
| 16:26 | Create | Villager (Male) |
| 16:26 | Create | Villager (Male) |
| 16:29 | Build | Farm |
| 16:34 | Create | Villager (Male) |
| 16:34 | Create | Villager (Male) |
| 16:38 | Build | Farm |
| 16:41 | Build | Farm |
| 16:50 | Build | Farm |
| 16:52 | Create | Villager (Male) |
| 16:52 | Create | Villager (Male) |
| 16:55 | Build | House |
| 16:57 | Build | House |
| 16:59 | Build | House |
| 17:01 | Build | House |
| 17:03 | Build | House |
| 17:08 | Build | House |
| 17:12 | Create | Villager (Male) |
| 17:19 | Build | House |
| 17:22 | Build | Farm |
| 17:24 | Build | Farm |
| 17:25 | Build | Farm |
| 17:29 | Build | Farm |
| 17:30 | Create | Villager (Male) |
| 17:30 | Create | Villager (Male) |
| 17:33 | Create | Villager (Male) |
| 17:41 | Build | House |
| 17:43 | Create | Villager (Male) |
| 17:43 | Create | Villager (Male) |
| 17:46 | Build | Farm |
| 17:51 | Build | Farm |
| 17:53 | Create | Villager (Male) |
| 18:01 | Build | Farm |
| 18:03 | Build | Farm |
| 18:06 | Create | Villager (Male) |
| 18:10 | Create | Villager (Male) |
| 18:10 | Create | Villager (Male) |
| 18:18 | Create | Villager (Male) |
| 18:29 | Build | Mill |
| 18:31 | Build | Farm |
| 18:34 | Create | Villager (Male) |
| 18:34 | Create | Villager (Male) |
| 18:42 | Build | Farm |
| 18:42 | Build | Farm |
| 18:44 | Build | Farm |
| 18:45 | Build | Farm |
| 18:46 | Create | Villager (Male) |
| 18:46 | Create | Villager (Male) |
| 18:46 | Create | Villager (Male) |
| 18:48 | Create | Villager (Male) |
| 18:58 | Create | Villager (Male) |
| 18:59 | Create | Villager (Male) |
| 19:02 | Build | Farm |
| 19:05 | Build | Farm |
| 19:06 | Create | Villager (Male) |
| 19:06 | Create | Villager (Male) |
| 19:12 | Build | House |
| 19:15 | Build | House |
| 19:17 | Create | Villager (Male) |
| 19:17 | Create | Villager (Male) |
| 19:17 | Create | Villager (Male) |
| 19:24 | Create | Villager (Male) |
| 19:24 | Create | Villager (Male) |
| 19:28 | Build | Mill |
| 19:30 | Build | Farm |
| 19:36 | Build | Farm |
| 19:38 | Build | Farm |
| 19:41 | Create | Villager (Male) |
| 19:41 | Create | Villager (Male) |
| 19:41 | Create | Villager (Male) |
| 19:42 | Create | Villager (Male) |
| 19:52 | Create | Villager (Male) |
| 19:55 | Build | Farm |
| 19:58 | Create | Villager (Male) |
| 19:58 | Create | Villager (Male) |
| 20:01 | Build | Farm |
| 20:04 | Build | Farm |
| 20:07 | Create | Villager (Male) |
| 20:12 | Build | Farm |
| 20:15 | Create | Villager (Male) |
| 20:15 | Create | Villager (Male) |
| 20:18 | Build | Farm |
| 20:23 | Build | Farm |
| 20:24 | Create | Villager (Male) |
| 20:24 | Create | Villager (Male) |
Build order — Takeda-Shingen
First 150 of 203 actions detected
| 0:03 | Create | Villager (Male) ×4 |
| 0:04 | Build | House |
| 0:07 | Build | House |
| 1:22 | Create | Villager (Male) |
| 1:22 | Create | Villager (Male) |
| 2:13 | Build | Lumber Camp |
| 2:19 | Create | Villager (Male) |
| 2:20 | Create | Villager (Male) |
| 2:20 | Create | Villager (Male) |
| 2:37 | Create | Villager (Male) |
| 2:38 | Create | Villager (Male) |
| 2:38 | Create | Villager (Male) |
| 2:51 | Create | Villager (Male) |
| 2:51 | Create | Villager (Male) |
| 2:51 | Create | Villager (Male) |
| 3:34 | Create | Villager (Male) |
| 3:34 | Create | Villager (Male) |
| 3:34 | Create | Villager (Male) |
| 3:35 | Create | Villager (Male) |
| 3:51 | Create | Villager (Male) |
| 3:51 | Create | Villager (Male) |
| 4:08 | Build | House |
| 4:09 | Build | House |
| 4:11 | Build | House |
| 4:21 | Create | Villager (Male) |
| 4:21 | Create | Villager (Male) |
| 4:23 | Create | Villager (Male) |
| 4:23 | Create | Villager (Male) |
| 4:24 | Create | Villager (Male) |
| 4:56 | Build | Mill |
| 5:17 | Create | Villager (Male) |
| 5:18 | Create | Villager (Male) |
| 5:18 | Create | Villager (Male) |
| 5:18 | Create | Villager (Male) |
| 6:04 | Create | Villager (Male) |
| 6:05 | Create | Villager (Male) |
| 6:48 | Create | Villager (Male) |
| 7:08 | Create | Villager (Male) |
| 7:09 | Create | Villager (Male) |
| 7:57 | Build | Mining Camp |
| 8:10 | Create | Villager (Male) |
| 8:29 | Research | Feudal Age |
| 8:58 | Build | Mining Camp |
| 10:47 | Age | Feudal Age |
| 10:50 | Create | Villager (Male) |
| 10:57 | Build | Blacksmith |
| 11:01 | Build | Market |
| 11:14 | Build | Farm |
| 11:24 | Create | Villager (Male) |
| 11:41 | Build | Farm |
| 11:53 | Research | Castle Age |
| 11:53 | Research | Castle Age |
| 11:53 | Research | Castle Age |
| 11:53 | Research | Castle Age |
| 12:21 | Build | Farm |
| 12:36 | Build | House |
| 12:58 | Build | Stone Wall |
| 13:05 | Build | Stone Wall |
| 13:33 | Build | Building 673 |
| 13:51 | Research | Double-Bit Axe |
| 13:52 | Research | Horse Collar |
| 14:11 | Build | Stone Wall |
| 14:14 | Build | Stone Wall |
| 14:15 | Build | Stone Wall |
| 14:17 | Build | Stone Wall |
| 14:21 | Build | Stone Wall |
| 14:23 | Build | Stone Wall |
| 14:28 | Build | Farm |
| 14:30 | Build | Farm |
| 14:32 | Build | Farm |
| 14:33 | Age | Castle Age |
| 14:36 | Build | Farm |
| 14:37 | Build | Farm |
| 15:04 | Build | Farm |
| 15:27 | Create | Villager (Male) |
| 15:59 | Create | Villager (Male) |
| 16:08 | Build | Siege Workshop |
| 16:28 | Create | Villager (Male) |
| 16:32 | Build | Farm |
| 17:08 | Build | University |
| 17:17 | Create | Villager (Male) |
| 17:42 | Build | Farm |
| 17:46 | Build | Farm |
| 18:00 | Create | Villager (Male) |
| 18:30 | Build | House |
| 18:35 | Build | Farm |
| 19:09 | Build | Town Center |
| 19:29 | Build | House |
| 19:37 | Research | Imperial Age |
| 19:37 | Research | Imperial Age |
| 20:06 | Build | House |
| 20:44 | Build | House |
| 20:58 | Research | Chemistry |
| 20:59 | Research | Chemistry |
| 20:59 | Research | Chemistry |
| 21:17 | Build | Farm |
| 21:22 | Build | Farm |
| 21:51 | Build | Barracks |
| 22:04 | Create | Villager (Male) |
| 22:42 | Create | Villager (Male) |
| 22:47 | Age | Imperial Age |
| 22:49 | Create | Bombard Cannon |
| 23:11 | Create | Villager (Male) |
| 23:13 | Create | Villager (Male) |
| 23:20 | Build | Building 487 |
| 23:37 | Create | Villager (Male) |
| 23:37 | Create | Villager (Male) |
| 23:55 | Build | Archery Range |
| 24:06 | Create | Villager (Male) |
| 24:06 | Create | Villager (Male) |
| 24:08 | Build | Farm |
| 24:33 | Create | Villager (Male) |
| 24:34 | Create | Villager (Male) |
| 24:50 | Build | Farm |
| 24:58 | Build | Archery Range |
| 25:08 | Create | Villager (Male) |
| 25:08 | Create | Villager (Male) |
| 25:38 | Build | Monastery |
| 25:42 | Create | Villager (Male) |
| 25:42 | Create | Villager (Male) |
| 25:43 | Create | Hand Cannoneer |
| 25:51 | Build | House |
| 25:59 | Build | Farm |
| 26:15 | Create | Hand Cannoneer |
| 26:17 | Create | Villager (Male) |
| 26:20 | Create | Hand Cannoneer |
| 26:24 | Create | Bombard Cannon |
| 26:43 | Build | House |
| 26:45 | Create | Villager (Male) |
| 26:46 | Create | Villager (Male) |
| 26:52 | Create | Hand Cannoneer |
| 26:53 | Create | Hand Cannoneer |
| 27:03 | Create | Monk |
| 27:17 | Create | Hand Cannoneer |
| 27:18 | Create | Hand Cannoneer |
| 27:23 | Build | Archery Range |
| 27:33 | Build | Town Center |
| 27:55 | Build | Town Center |
| 28:01 | Build | Farm |
| 28:04 | Create | Villager (Male) |
| 28:04 | Create | Villager (Male) |
| 28:27 | Build | Siege Workshop |
| 28:35 | Create | Hand Cannoneer |
| 28:35 | Create | Hand Cannoneer |
| 28:50 | Research | Fervor |
| 29:18 | Create | Bombard Cannon |
| 29:22 | Create | Hand Cannoneer |
| 29:22 | Create | Hand Cannoneer |
| 29:23 | Create | Villager (Male) |
| 29:23 | Create | Villager (Male) |
Build order — 可爱的笑笑
First 150 of 246 actions detected
| 0:02 | Create | Villager (Male) |
| 0:02 | Create | Villager (Male) |
| 0:03 | Create | Villager (Male) |
| 0:03 | Create | Villager (Male) |
| 0:03 | Create | Villager (Male) |
| 0:11 | Build | House |
| 0:14 | Build | House |
| 0:25 | Build | House |
| 1:07 | Build | House |
| 1:31 | Research | Loom |
| 1:46 | Build | Lumber Camp |
| 2:23 | Create | Villager (Male) |
| 2:23 | Create | Villager (Male) |
| 2:55 | Create | Villager (Male) |
| 2:55 | Create | Villager (Male) |
| 3:29 | Create | Villager (Male) |
| 3:29 | Create | Villager (Male) |
| 3:48 | Create | Villager (Male) |
| 3:48 | Create | Villager (Male) |
| 4:05 | Build | House |
| 4:09 | Create | Villager (Male) |
| 4:09 | Create | Villager (Male) |
| 4:09 | Create | Villager (Male) |
| 4:10 | Create | Villager (Male) |
| 4:45 | Create | Villager (Male) |
| 4:45 | Create | Villager (Male) |
| 5:09 | Create | Villager (Male) |
| 5:09 | Create | Villager (Male) |
| 5:30 | Create | Villager (Male) |
| 5:30 | Create | Villager (Male) |
| 6:01 | Build | Mill |
| 6:21 | Create | Villager (Male) |
| 6:21 | Create | Villager (Male) |
| 7:07 | Create | Villager (Male) |
| 7:07 | Create | Villager (Male) |
| 7:41 | Create | Villager (Male) |
| 7:47 | Build | House |
| 8:10 | Create | Villager (Male) |
| 8:10 | Create | Villager (Male) |
| 8:58 | Create | Villager (Male) |
| 9:25 | Build | Mining Camp |
| 9:36 | Create | Villager (Male) |
| 9:52 | Create | Villager (Male) |
| 10:16 | Create | Villager (Male) |
| 10:23 | Build | Mining Camp |
| 10:52 | Research | Feudal Age |
| 11:31 | Build | House |
| 11:35 | Build | House |
| 12:09 | Create | Villager (Male) |
| 12:09 | Create | Villager (Male) |
| 12:20 | Build | Farm |
| 12:22 | Build | Farm |
| 12:23 | Build | Farm |
| 12:25 | Build | Farm |
| 13:03 | Build | House |
| 13:06 | Age | Feudal Age |
| 13:21 | Build | Blacksmith |
| 13:33 | Build | Market |
| 13:37 | Create | Villager (Male) |
| 13:38 | Create | Villager (Male) |
| 13:47 | Build | Farm |
| 13:47 | Build | Farm |
| 14:11 | Build | House |
| 14:12 | Build | House |
| 14:37 | Build | Farm |
| 14:39 | Create | Villager (Male) |
| 15:32 | Research | Castle Age |
| 15:40 | Build | House |
| 16:28 | Build | Mill |
| 16:36 | Research | Wheelbarrow |
| 16:49 | Research | Double-Bit Axe |
| 17:05 | Research | Horse Collar |
| 17:15 | Build | Farm |
| 17:50 | Research | Gold Mining |
| 17:52 | Research | Stone Mining |
| 18:12 | Age | Castle Age |
| 18:20 | Create | Villager (Male) |
| 18:20 | Create | Villager (Male) |
| 18:32 | Build | Town Center |
| 18:38 | Create | Villager (Male) |
| 18:39 | Create | Villager (Male) |
| 19:09 | Research | Town Watch |
| 19:12 | Research | Bow Saw |
| 19:25 | Build | Town Center |
| 19:43 | Research | Heavy Plow |
| 19:54 | Create | Villager (Male) |
| 19:54 | Create | Villager (Male) |
| 19:54 | Create | Villager (Male) |
| 19:54 | Create | Villager (Male) |
| 20:23 | Create | Villager (Male) |
| 20:23 | Create | Villager (Male) |
| 20:46 | Create | Villager (Male) |
| 20:47 | Create | Villager (Male) |
| 20:59 | Build | Farm |
| 21:01 | Build | Farm |
| 21:03 | Build | Farm |
| 21:06 | Build | Farm |
| 21:13 | Create | Villager (Male) |
| 21:16 | Create | Villager (Male) |
| 21:19 | Create | Villager (Male) |
| 21:22 | Create | Villager (Male) |
| 21:23 | Create | Villager (Male) |
| 21:41 | Build | Farm |
| 21:44 | Build | Farm |
| 21:50 | Build | Farm |
| 21:52 | Build | Farm |
| 21:53 | Build | Farm |
| 21:57 | Create | Villager (Male) |
| 22:01 | Create | Villager (Male) |
| 22:05 | Create | Villager (Male) |
| 22:05 | Create | Villager (Male) |
| 22:19 | Build | Farm |
| 22:27 | Build | Farm |
| 22:32 | Create | Villager (Male) |
| 22:32 | Create | Villager (Male) |
| 22:35 | Create | Villager (Male) |
| 22:36 | Create | Villager (Male) |
| 23:00 | Build | Town Center |
| 23:07 | Create | Villager (Male) |
| 23:08 | Create | Villager (Male) |
| 23:10 | Create | Villager (Male) |
| 23:13 | Create | Villager (Male) |
| 23:14 | Create | Villager (Male) |
| 23:20 | Build | Farm |
| 23:21 | Build | Farm |
| 23:24 | Build | Farm |
| 23:32 | Build | House |
| 23:34 | Build | House |
| 23:38 | Build | House |
| 23:42 | Create | Villager (Male) |
| 23:42 | Create | Villager (Male) |
| 23:42 | Create | Villager (Male) |
| 23:43 | Create | Villager (Male) |
| 24:01 | Create | Villager (Male) |
| 24:01 | Create | Villager (Male) |
| 24:13 | Build | Farm |
| 24:16 | Create | Villager (Male) |
| 24:16 | Create | Villager (Male) |
| 24:19 | Create | Villager (Male) |
| 24:24 | Create | Villager (Male) |
| 24:24 | Create | Villager (Male) |
| 24:32 | Build | Farm |
| 24:36 | Build | Farm |
| 24:39 | Build | Farm |
| 24:45 | Create | Villager (Male) |
| 24:48 | Create | Villager (Male) |
| 25:06 | Build | House |
| 25:09 | Build | House |
| 25:21 | Build | Monastery |
| 25:26 | Build | University |
Build order — 君日本語本当上手
First 150 of 224 actions detected
| 0:03 | Create | Villager (Male) |
| 0:03 | Create | Villager (Male) |
| 0:03 | Create | Villager (Male) |
| 0:04 | Build | House |
| 0:06 | Build | House |
| 0:58 | Create | Villager (Male) |
| 1:51 | Create | Villager (Male) |
| 1:52 | Create | Villager (Male) |
| 1:52 | Create | Villager (Male) |
| 2:06 | Build | Lumber Camp |
| 2:30 | Create | Villager (Male) |
| 2:31 | Create | Villager (Male) |
| 3:11 | Create | Villager (Male) |
| 3:11 | Create | Villager (Male) |
| 3:12 | Create | Villager (Male) |
| 3:43 | Build | House |
| 4:06 | Build | Mill |
| 4:08 | Create | Villager (Male) |
| 4:08 | Create | Villager (Male) |
| 4:09 | Create | Villager (Male) |
| 5:30 | Create | Villager (Male) |
| 5:31 | Create | Villager (Male) |
| 6:05 | Create | Villager (Male) |
| 6:08 | Build | House |
| 6:27 | Build | Mining Camp |
| 6:44 | Build | Mining Camp |
| 6:48 | Create | Villager (Male) |
| 7:16 | Create | Villager (Male) |
| 7:43 | Create | Villager (Male) |
| 7:45 | Build | Farm |
| 8:11 | Create | Villager (Male) |
| 8:37 | Create | Villager (Male) |
| 8:54 | Research | Feudal Age |
| 9:09 | Build | House |
| 11:12 | Age | Feudal Age |
| 11:15 | Create | Villager (Male) |
| 11:15 | Create | Villager (Male) |
| 11:19 | Build | Market |
| 11:24 | Build | Blacksmith |
| 12:13 | Build | Farm |
| 12:21 | Research | Castle Age |
| 12:22 | Research | Castle Age |
| 12:50 | Build | House |
| 12:51 | Build | House |
| 12:53 | Research | Double-Bit Axe |
| 13:50 | Build | Town Center |
| 14:37 | Create | Villager (Male) |
| 14:40 | Create | Villager (Male) |
| 15:01 | Age | Castle Age |
| 15:31 | Create | Villager (Male) |
| 15:34 | Build | Farm |
| 15:41 | Research | Horse Collar |
| 15:57 | Create | Villager (Male) |
| 16:08 | Build | Town Center |
| 16:17 | Build | Farm |
| 16:20 | Create | Villager (Male) |
| 16:20 | Create | Villager (Male) |
| 16:44 | Build | Farm |
| 16:46 | Create | Villager (Male) |
| 17:01 | Create | Villager (Male) |
| 17:02 | Create | Villager (Male) |
| 17:13 | Build | Farm |
| 17:30 | Create | Villager (Male) |
| 17:42 | Build | Farm |
| 17:45 | Build | Farm |
| 17:45 | Build | Farm |
| 17:46 | Build | Farm |
| 17:50 | Create | Villager (Male) |
| 17:58 | Create | Villager (Male) |
| 17:58 | Create | Villager (Male) |
| 18:04 | Build | Farm |
| 18:08 | Build | Farm |
| 18:20 | Build | Farm |
| 18:31 | Create | Villager (Male) |
| 18:31 | Create | Villager (Male) |
| 18:34 | Build | Farm |
| 18:50 | Build | Castle |
| 18:59 | Build | Farm |
| 19:01 | Create | Villager (Male) |
| 19:02 | Build | Farm |
| 19:04 | Create | Villager (Male) |
| 19:23 | Create | Villager (Male) |
| 19:30 | Build | Farm |
| 19:34 | Build | Farm |
| 19:35 | Create | Villager (Male) |
| 19:44 | Create | Villager (Male) |
| 19:53 | Build | Farm |
| 19:57 | Create | Villager (Male) |
| 20:01 | Create | Villager (Male) |
| 20:01 | Create | Villager (Male) |
| 20:16 | Build | Barracks |
| 20:20 | Build | Farm |
| 20:22 | Create | Villager (Male) |
| 20:23 | Create | Villager (Male) |
| 20:32 | Build | Farm |
| 20:35 | Create | Villager (Male) |
| 20:39 | Build | Farm |
| 20:43 | Create | Villager (Male) |
| 20:57 | Create | Villager (Male) |
| 21:02 | Create | Kipchak |
| 21:04 | Create | Kipchak |
| 21:17 | Research | Bow Saw |
| 21:20 | Create | Villager (Male) |
| 21:22 | Create | Villager (Male) |
| 21:30 | Build | Stable |
| 21:34 | Create | Villager (Male) |
| 21:36 | Build | Farm |
| 21:46 | Create | Villager (Male) |
| 21:48 | Create | Kipchak |
| 21:55 | Build | Farm |
| 21:58 | Create | Villager (Male) |
| 22:10 | Build | Blacksmith |
| 22:18 | Build | Farm |
| 22:25 | Research | Fletching |
| 22:30 | Build | Farm |
| 22:37 | Create | Villager (Male) |
| 22:45 | Research | Bloodlines |
| 22:47 | Create | Villager (Male) |
| 22:48 | Create | Villager (Male) |
| 22:53 | Build | Siege Workshop |
| 23:04 | Build | University |
| 23:09 | Create | Villager (Male) |
| 23:09 | Create | Villager (Male) |
| 23:17 | Build | House |
| 23:18 | Build | House |
| 23:34 | Create | Villager (Male) |
| 23:38 | Build | Farm |
| 23:40 | Create | Villager (Male) |
| 23:41 | Create | Villager (Male) |
| 23:42 | Create | Villager (Male) |
| 23:49 | Create | Kipchak |
| 23:49 | Create | Kipchak |
| 23:54 | Research | Bodkin Arrow |
| 24:05 | Build | Town Center |
| 24:12 | Research | Wheelbarrow |
| 24:13 | Create | Villager (Male) |
| 24:14 | Create | Villager (Male) |
| 24:17 | Build | Farm |
| 24:21 | Create | Villager (Male) |
| 24:25 | Create | Kipchak |
| 24:28 | Build | House |
| 24:29 | Build | House |
| 24:38 | Create | Villager (Male) |
| 24:42 | Build | House |
| 24:43 | Build | House |
| 24:44 | Build | House |
| 24:45 | Build | House |
| 24:53 | Build | Farm |
| 24:57 | Build | Farm |
| 25:05 | Build | Monastery |
Match timeline
| 8:43 | Toast · first_building Barracks |
| 8:48 | zzx · age_up feudal |
| 10:04 | Don Wea · age_up feudal |
| 10:27 | zzx · first_market_sell 100 wood |
| 10:28 | 优雅猫 · age_up feudal |
| 10:32 | Toast · age_up feudal |
| 10:44 | Toast · first_building Archery Range |
| 10:47 | Takeda-Shingen · age_up feudal |
| 11:12 | 君日本語本当上手 · age_up feudal |
| 11:27 | 优雅猫 · first_market_sell 100 wood |
| 12:58 | Takeda-Shingen · wall_segment Stone Wall x5 |
| 13:03 | 602406569 · age_up feudal |
| 13:05 | Takeda-Shingen · wall_segment Stone Wall x23 |
| 13:06 | 可爱的笑笑 · age_up feudal |
| 13:52 | 602406569 · first_building Barracks |
| 13:56 | zzx · age_up castle |
| 14:01 | Don Wea · age_up castle |
| 14:08 | 优雅猫 · age_up castle |
| 14:11 | Takeda-Shingen · wall_segment Stone Wall x4 |
| 14:14 | Don Wea · first_building Monastery |
| 14:14 | Takeda-Shingen · wall_segment Stone Wall x1 |
| 14:15 | Takeda-Shingen · wall_segment Stone Wall x1 |
| 14:17 | Takeda-Shingen · wall_segment Stone Wall x1 |
| 14:21 | Takeda-Shingen · wall_segment Stone Wall x1 |
| 14:22 | 优雅猫 · first_building Siege Workshop |
| 14:23 | Takeda-Shingen · wall_segment Stone Wall x1 |
| 14:33 | Takeda-Shingen · age_up castle |
| 15:01 | 君日本語本当上手 · age_up castle |
| 15:29 | 602406569 · first_building Stable |
| 16:05 | Toast · first_market_buy 100 food |
| 16:08 | Takeda-Shingen · first_building Siege Workshop |
| 16:25 | Don Wea · first_market_buy 100 food |
| 17:55 | 君日本語本当上手 · first_market_buy 100 food |
| 18:05 | Takeda-Shingen · first_market_buy 100 food |
| 18:12 | 可爱的笑笑 · age_up castle |
| 18:47 | Toast · age_up castle |
| 18:50 | 君日本語本当上手 · first_building Castle |
| 19:47 | 优雅猫 · first_building Monastery |
| 20:16 | 君日本語本当上手 · first_building Barracks |
| 20:31 | 602406569 · age_up castle |
| 20:37 | 602406569 · first_building Castle |
| 21:03 | 优雅猫 · first_building Castle |
| 21:25 | Toast · first_building Castle |
| 21:30 | 君日本語本当上手 · first_building Stable |
| 21:35 | 优雅猫 · wall_segment Stone Wall x1 |
| 21:43 | 优雅猫 · wall_segment Stone Wall x1 |
| 21:48 | 优雅猫 · wall_segment Stone Wall x7 |
| 21:51 | Takeda-Shingen · first_building Barracks |
| 21:58 | Toast · first_building Siege Workshop |
| 22:13 | zzx · first_building Barracks |
| 22:47 | Takeda-Shingen · age_up imperial |
| 22:53 | 君日本語本当上手 · first_building Siege Workshop |
| 22:57 | 优雅猫 · wall_segment Stone Wall x3 |
| 23:55 | Takeda-Shingen · first_building Archery Range |
| 24:05 | Toast · first_building Stable |
| 25:05 | 君日本語本当上手 · first_building Monastery |
| 25:21 | 可爱的笑笑 · first_building Monastery |
| 25:38 | Takeda-Shingen · first_building Monastery |
| 25:43 | zzx · first_building Siege Workshop |
| 25:51 | zzx · first_building Monastery |
| 26:11 | Don Wea · first_building Castle |
| 26:35 | Don Wea · first_building Barracks |
| 26:58 | 优雅猫 · first_market_buy 100 food |
| 27:40 | Don Wea · first_building Stable |
| 28:01 | 优雅猫 · wall_segment Stone Wall x4 |
| 28:23 | Don Wea · age_up imperial |
| 28:59 | 优雅猫 · wall_segment Stone Wall x1 |
| 29:03 | 优雅猫 · wall_segment Stone Wall x13 |
| 29:33 | zzx · age_up imperial |
| 30:06 | 可爱的笑笑 · first_building Castle |
| 30:25 | 602406569 · age_up imperial |
| 30:36 | 可爱的笑笑 · wall_segment Stone Wall x4 |
| 30:46 | 可爱的笑笑 · first_building Barracks |
| 31:45 | 优雅猫 · age_up imperial |
| 31:46 | 君日本語本当上手 · age_up imperial |
| 31:52 | 602406569 · first_market_sell 100 stone |
| 32:07 | 602406569 · first_market_buy 100 food |
| 32:15 | 君日本語本当上手 · resign |
| 32:22 | 优雅猫 · wall_segment Stone Wall x7 |
| 32:24 | zzx · first_building Castle |
| 32:34 | 可爱的笑笑 · age_up imperial |
| 33:18 | 优雅猫 · wall_segment Stone Wall x12 |
| 34:33 | 优雅猫 · wall_segment Stone Wall x7 |
| 34:59 | Takeda-Shingen · first_building Castle |
| 35:02 | 优雅猫 · wall_segment Stone Wall x16 |
[ AI ANALYSIS · 1 CREDIT ]
What really happened in this match?
Wolo.gg analyzes every decision: build order, eco, micro, common mistakes by bracket. Personalized analysis on WhatsApp or Discord in 30 seconds.
Civ guide
Huns
Map guide
Arena
Perfil
602406569